[ AOE2 MATCH · #476583780 ]
Team RMBulgarians vs Mongols
[ REPLAY ANALYSIS · EXTRACTED FROM THE RECORDED GAME ]
Feudal
14:45
Castle
31:21
Imperial
49:10
| APM avg | 40.7 |
| APM peak | 91 |
| eAPM avg | 24.4 |
| Villagers / military | 98 / 151 |
Focus
⚔️ 29.1% · 🌾 70.9%
Militia ×82 · Spearman ×43 · Konnik ×13 · Trade Cart ×7 · Monk ×5 · Skirmisher ×3
Feudal
11:10
Castle
16:28
Imperial
34:09
| APM avg | 44.0 |
| APM peak | 76 |
| eAPM avg | 30.5 |
| Villagers / military | 144 / 146 |
Focus
⚔️ 25.1% · 🌾 74.9%
Spearman ×69 · Knight ×47 · Scout Cavalry ×17 · Monk ×6 · Trebuchet (Packed) ×4 · Mangonel ×2
Feudal
10:32
Castle
29:20
Imperial
43:08
| APM avg | 12.8 |
| APM peak | 23 |
| eAPM avg | 10.6 |
| Villagers / military | 82 / 144 |
Focus
⚔️ 38.0% · 🌾 62.0%
Spearman ×112 · Kipchak ×17 · Mangonel ×7 · Battering Ram ×6 · Trebuchet (Packed) ×2
Feudal
15:26
Castle
—
Imperial
—
| APM avg | 10.5 |
| APM peak | 40 |
| eAPM avg | 5.7 |
| Villagers / military | 34 / 8 |
Focus
⚔️ 12.7% · 🌾 87.3%
Militia ×8
Feudal
14:03
Castle
16:49
Imperial
—
| APM avg | 22.1 |
| APM peak | 58 |
| eAPM avg | 9.9 |
| Villagers / military | 70 / 91 |
Focus
⚔️ 27.9% · 🌾 72.1%
Battle Elephant ×44 · Scout Cavalry ×31 · Karambit Warrior ×15 · Knight ×1
Feudal
15:05
Castle
27:39
Imperial
—
| APM avg | 11.0 |
| APM peak | 32 |
| eAPM avg | 7.6 |
| Villagers / military | 90 / 115 |
Focus
⚔️ 31.0% · 🌾 69.0%
Spearman ×43 · Hand Cannoneer ×40 · Hussite Wagon ×20 · Scout Cavalry ×5 · Battering Ram ×5 · Monk ×2
Feudal
14:26
Castle
28:52
Imperial
40:49
| APM avg | 22.6 |
| APM peak | 45 |
| eAPM avg | 16.3 |
| Villagers / military | 143 / 118 |
Focus
⚔️ 29.9% · 🌾 70.1%
Knight ×56 · Skirmisher ×39 · Flemish Militia ×12 · Trebuchet (Packed) ×4 · Battering Ram ×3 · Hand Cannoneer ×3
Feudal
12:15
Castle
33:16
Imperial
—
| APM avg | 39.8 |
| APM peak | 84 |
| eAPM avg | 16.1 |
| Villagers / military | 152 / 66 |
Focus
⚔️ 20.3% · 🌾 79.7%
Archer ×66
Match map
Initial resources + every placement click. Lines = walls · curves = elevation contours. ◆ gold · ⬟ stone · ● berries · ✦ relic · ◌ wall gap
Your base· ✓ Closed at 31:21 · 58t walls · 2 gate(s)
Lampiao's base· Open — opponent sealed themselves in
NoTradeBeforeImp's base· ✓ Closed at 29:20 · 28t walls · 4 gate(s)
Mace The Lovely's base· Open — opponent sealed themselves in
Thousand Sons's base· ✓ Closed at 16:49 · 3t walls · no gate
BarthoClub's base· ✓ Closed at 27:39 · 61t walls · 2 gate(s)
GERMANICO7222's base· Open — opponent sealed themselves in
Don_Hertzfeld's base· ✓ Closed at 33:16 · 12t walls · no gate
Smoothed initial terrain · ◌ = detected wall gap · hover for details
Inputs per minute
— EL SEÑOR PONY - - Lampiao
Build order — EL SEÑOR PONY
First 150 of 386 actions detected
| 0:02 | Create | Villager (Male) |
| 0:04 | Build | House |
| 0:05 | Build | House |
| 0:28 | Research | Loom |
| 0:28 | Create | Villager (Male) |
| 0:28 | Create | Villager (Male) |
| 0:29 | Create | Villager (Male) |
| 1:07 | Build | Palisade Wall |
| 2:42 | Create | Villager (Male) |
| 2:42 | Create | Villager (Male) |
| 2:58 | Build | Lumber Camp |
| 3:14 | Create | Villager (Male) |
| 3:51 | Create | Villager (Male) |
| 3:51 | Create | Villager (Male) |
| 4:33 | Build | Lumber Camp |
| 4:49 | Create | Villager (Male) |
| 4:49 | Create | Villager (Male) |
| 4:49 | Create | Villager (Male) |
| 4:53 | Build | House |
| 4:54 | Build | House |
| 5:18 | Create | Villager (Male) |
| 5:18 | Create | Villager (Male) |
| 5:49 | Create | Villager (Male) |
| 5:49 | Create | Villager (Male) |
| 6:18 | Create | Villager (Male) |
| 6:40 | Create | Villager (Male) |
| 7:21 | Create | Villager (Male) |
| 7:37 | Build | House |
| 7:52 | Build | Mill |
| 8:04 | Create | Villager (Male) |
| 8:19 | Create | Villager (Male) |
| 8:37 | Create | Villager (Male) |
| 8:39 | Create | Villager (Male) |
| 8:39 | Create | Villager (Male) |
| 8:46 | Build | Lumber Camp |
| 9:05 | Create | Villager (Male) |
| 9:26 | Build | Mill |
| 10:01 | Build | Mining Camp |
| 10:07 | Create | Villager (Male) |
| 10:07 | Create | Villager (Male) |
| 10:07 | Create | Villager (Male) |
| 10:17 | Build | House |
| 10:17 | Build | House |
| 11:54 | Create | Villager (Male) |
| 12:23 | Build | Farm |
| 12:35 | Research | Feudal Age |
| 12:36 | Research | Feudal Age |
| 12:44 | Build | Lumber Camp |
| 13:53 | Create | Villager (Male) |
| 13:53 | Create | Villager (Male) |
| 14:09 | Build | Barracks |
| 14:11 | Build | Barracks |
| 14:18 | Build | Palisade Gate |
| 14:45 | Age | Feudal Age |
| 14:51 | Research | Double-Bit Axe |
| 15:02 | Build | Blacksmith |
| 15:07 | Build | Farm |
| 15:08 | Build | Farm |
| 15:18 | Build | Market |
| 15:23 | Create | Villager (Male) |
| 15:31 | Create | Militia |
| 15:34 | Create | Militia |
| 15:40 | Build | Stone Wall |
| 15:43 | Create | Militia |
| 15:44 | Create | Militia |
| 15:51 | Create | Militia |
| 15:53 | Create | Militia |
| 15:56 | Create | Militia |
| 16:08 | Create | Villager (Male) |
| 16:08 | Create | Villager (Male) |
| 16:13 | Build | House |
| 16:14 | Build | House |
| 16:17 | Build | Farm |
| 16:20 | Build | Farm |
| 16:21 | Build | Farm |
| 16:26 | Research | Wheelbarrow |
| 16:31 | Build | Farm |
| 16:33 | Build | Farm |
| 16:45 | Build | Farm |
| 16:49 | Build | Farm |
| 16:52 | Build | Farm |
| 17:02 | Create | Militia |
| 17:02 | Create | Militia |
| 17:46 | Create | Militia |
| 17:46 | Create | Militia |
| 18:16 | Research | Forging |
| 18:16 | Research | Scale Mail Armor |
| 18:16 | Research | Scale Mail Armor |
| 18:16 | Research | Forging |
| 18:17 | Create | Villager (Male) |
| 18:18 | Create | Villager (Male) |
| 18:21 | Build | Farm |
| 18:22 | Build | Farm |
| 18:23 | Build | Farm |
| 18:26 | Build | Farm |
| 18:48 | Create | Militia |
| 18:49 | Create | Militia |
| 18:49 | Create | Militia |
| 18:49 | Create | Militia |
| 19:00 | Build | Stone Wall |
| 19:23 | Create | Spearman |
| 19:23 | Create | Spearman |
| 19:24 | Create | Spearman |
| 19:25 | Create | Spearman |
| 19:25 | Create | Spearman |
| 19:25 | Create | Spearman |
| 19:59 | Build | House |
| 20:01 | Build | House |
| 20:02 | Build | House |
| 20:03 | Build | House |
| 20:08 | Research | Town Watch |
| 20:56 | Create | Militia |
| 20:59 | Research | Arson |
| 20:59 | Research | Arson |
| 21:01 | Create | Militia |
| 21:01 | Create | Militia |
| 21:32 | Create | Militia |
| 21:33 | Create | Militia |
| 21:39 | Create | Villager (Male) |
| 21:40 | Create | Villager (Male) |
| 21:57 | Create | Militia |
| 21:57 | Create | Militia |
| 21:57 | Create | Militia |
| 22:16 | Create | Militia |
| 22:19 | Build | House |
| 22:20 | Create | Villager (Male) |
| 22:34 | Create | Spearman |
| 22:34 | Create | Spearman |
| 22:35 | Create | Spearman |
| 22:59 | Create | Spearman |
| 23:01 | Create | Spearman |
| 23:41 | Create | Spearman |
| 23:44 | Build | Mining Camp |
| 23:46 | Build | Farm |
| 23:48 | Build | Farm |
| 23:50 | Build | Farm |
| 23:57 | Build | Stone Wall |
| 24:00 | Create | Spearman |
| 24:00 | Create | Militia |
| 24:00 | Create | Spearman |
| 24:00 | Create | Militia |
| 24:01 | Create | Spearman |
| 24:01 | Create | Militia |
| 24:08 | Create | Militia |
| 24:08 | Create | Militia |
| 24:45 | Create | Militia |
| 24:45 | Create | Militia |
| 24:46 | Create | Militia |
| 25:01 | Create | Villager (Male) |
| 26:02 | Build | Stone Wall |
Build order — Lampiao
First 150 of 487 actions detected
| 0:02 | Build | House |
| 0:05 | Build | House |
| 0:18 | Create | Villager (Male) |
| 0:18 | Create | Villager (Male) |
| 0:18 | Create | Villager (Male) |
| 0:18 | Create | Villager (Male) |
| 0:19 | Create | Villager (Male) |
| 1:36 | Create | Villager (Male) |
| 2:03 | Build | Lumber Camp |
| 2:26 | Create | Villager (Male) |
| 2:26 | Create | Villager (Male) |
| 2:27 | Create | Villager (Male) |
| 2:56 | Build | House |
| 2:59 | Create | Villager (Male) |
| 3:00 | Create | Villager (Male) |
| 3:34 | Create | Villager (Male) |
| 3:34 | Create | Villager (Male) |
| 4:01 | Create | Villager (Male) |
| 4:04 | Research | Loom |
| 4:19 | Create | Villager (Male) |
| 4:19 | Create | Villager (Male) |
| 4:19 | Create | Villager (Male) |
| 5:20 | Create | Villager (Male) |
| 5:21 | Create | Villager (Male) |
| 5:31 | Create | Villager (Male) |
| 5:32 | Create | Villager (Male) |
| 5:47 | Build | Palisade Wall |
| 6:21 | Create | Villager (Male) |
| 6:22 | Create | Villager (Male) |
| 6:42 | Build | Mill |
| 6:56 | Create | Villager (Male) |
| 6:56 | Create | Villager (Male) |
| 7:24 | Create | Villager (Male) |
| 7:24 | Create | Villager (Male) |
| 7:25 | Create | Villager (Male) |
| 7:50 | Build | House |
| 8:00 | Build | House |
| 8:56 | Create | Villager (Male) |
| 8:56 | Create | Villager (Male) |
| 9:00 | Research | Feudal Age |
| 9:00 | Research | Feudal Age |
| 10:43 | Build | Mining Camp |
| 11:10 | Create | Villager (Male) |
| 11:10 | Age | Feudal Age |
| 11:10 | Create | Villager (Male) |
| 11:41 | Create | Villager (Male) |
| 11:55 | Build | Market |
| 12:01 | Create | Villager (Male) |
| 12:27 | Research | Horse Collar |
| 12:27 | Research | Horse Collar |
| 12:42 | Research | Double-Bit Axe |
| 12:42 | Research | Double-Bit Axe |
| 12:43 | Create | Villager (Male) |
| 12:51 | Build | Blacksmith |
| 13:05 | Create | Villager (Male) |
| 13:40 | Build | Farm |
| 13:48 | Research | Castle Age |
| 13:48 | Research | Castle Age |
| 13:52 | Build | Mining Camp |
| 14:27 | Research | Horse Collar |
| 15:05 | Build | Farm |
| 15:06 | Build | Farm |
| 15:07 | Build | Farm |
| 15:11 | Build | Farm |
| 15:20 | Build | Farm |
| 15:37 | Build | Farm |
| 15:58 | Build | Farm |
| 16:27 | Build | House |
| 16:28 | Build | House |
| 16:28 | Age | Castle Age |
| 16:30 | Create | Villager (Male) |
| 16:30 | Create | Villager (Male) |
| 16:49 | Build | Monastery |
| 16:51 | Create | Villager (Male) |
| 16:52 | Create | Villager (Male) |
| 17:22 | Create | Monk |
| 17:22 | Create | Monk |
| 17:41 | Create | Villager (Male) |
| 17:42 | Create | Villager (Male) |
| 17:53 | Build | House |
| 18:00 | Build | Barracks |
| 18:02 | Create | Villager (Male) |
| 18:37 | Create | Villager (Male) |
| 18:38 | Create | Villager (Male) |
| 18:47 | Build | Stable |
| 19:10 | Research | Bow Saw |
| 19:10 | Research | Bow Saw |
| 19:24 | Create | Villager (Male) |
| 19:29 | Research | Scale Barding Armor |
| 19:34 | Create | Knight |
| 19:34 | Create | Knight |
| 19:47 | Build | Stable |
| 20:12 | Create | Villager (Male) |
| 20:28 | Research | Bloodlines |
| 20:29 | Research | Bloodlines |
| 20:39 | Build | Town Center |
| 21:05 | Create | Scout Cavalry |
| 21:28 | Create | Knight |
| 21:36 | Research | Husbandry |
| 21:36 | Research | Husbandry |
| 21:42 | Create | Villager (Male) |
| 21:43 | Create | Villager (Male) |
| 21:53 | Build | Siege Workshop |
| 22:00 | Create | Knight |
| 22:00 | Create | Knight |
| 22:11 | Build | House |
| 22:26 | Create | Monk |
| 22:34 | Create | Knight |
| 22:35 | Create | Knight |
| 22:51 | Create | Villager (Male) |
| 22:51 | Create | Villager (Male) |
| 22:53 | Create | Villager (Male) |
| 22:53 | Create | Villager (Male) |
| 22:56 | Build | Farm |
| 22:58 | Build | Farm |
| 22:59 | Build | Farm |
| 23:01 | Build | Farm |
| 23:29 | Create | Knight |
| 23:29 | Create | Knight |
| 23:31 | Create | Knight |
| 23:33 | Create | Scout Cavalry |
| 23:38 | Build | Farm |
| 23:39 | Build | Farm |
| 23:41 | Build | Farm |
| 23:43 | Build | Farm |
| 23:44 | Build | Farm |
| 23:45 | Build | Farm |
| 23:47 | Build | Farm |
| 23:55 | Build | Town Center |
| 24:05 | Create | Knight |
| 24:08 | Create | Scout Cavalry |
| 24:08 | Create | Scout Cavalry |
| 24:10 | Create | Villager (Male) |
| 24:11 | Create | Villager (Male) |
| 24:16 | Create | Villager (Male) |
| 24:35 | Create | Mangonel |
| 24:42 | Build | House |
| 24:44 | Build | House |
| 24:47 | Create | Villager (Male) |
| 24:47 | Create | Villager (Male) |
| 24:52 | Create | Villager (Male) |
| 25:09 | Create | Villager (Male) |
| 25:11 | Create | Villager (Male) |
| 25:14 | Create | Villager (Male) |
| 25:14 | Create | Villager (Male) |
| 25:19 | Build | Farm |
| 25:20 | Build | Farm |
| 25:21 | Build | Farm |
| 25:30 | Create | Scorpion |
| 25:35 | Create | Monk |
Build order — NoTradeBeforeImp
First 150 of 301 actions detected
| 0:02 | Create | Villager (Male) |
| 0:02 | Create | Villager (Male) |
| 0:03 | Create | Villager (Male) |
| 0:03 | Create | Villager (Male) |
| 0:05 | Build | House |
| 0:08 | Build | House |
| 1:32 | Create | Villager (Male) |
| 1:32 | Create | Villager (Male) |
| 2:05 | Create | Villager (Male) |
| 2:21 | Create | Villager (Male) |
| 2:21 | Create | Villager (Male) |
| 2:49 | Create | Villager (Male) |
| 2:49 | Create | Villager (Male) |
| 3:01 | Build | Palisade Wall |
| 3:04 | Build | Palisade Wall |
| 3:07 | Build | Palisade Wall |
| 3:13 | Build | Lumber Camp |
| 3:19 | Create | Villager (Male) |
| 3:20 | Create | Villager (Male) |
| 4:04 | Create | Villager (Male) |
| 4:04 | Create | Villager (Male) |
| 4:39 | Build | House |
| 4:42 | Research | Loom |
| 4:44 | Create | Villager (Male) |
| 5:14 | Create | Villager (Male) |
| 5:15 | Create | Villager (Male) |
| 5:37 | Build | Lumber Camp |
| 6:22 | Create | Villager (Male) |
| 6:28 | Build | House |
| 6:46 | Create | Villager (Male) |
| 7:25 | Build | Mill |
| 7:32 | Create | Villager (Male) |
| 7:40 | Create | Villager (Male) |
| 8:15 | Research | Feudal Age |
| 8:27 | Build | Mining Camp |
| 9:14 | Build | House |
| 9:16 | Build | House |
| 9:17 | Build | House |
| 9:19 | Build | House |
| 9:25 | Build | Palisade Wall |
| 10:08 | Create | Villager (Male) |
| 10:08 | Create | Villager (Male) |
| 10:09 | Create | Villager (Male) |
| 10:32 | Build | Outpost |
| 10:32 | Age | Feudal Age |
| 10:40 | Create | Villager (Male) |
| 10:41 | Create | Villager (Male) |
| 11:26 | Build | Barracks |
| 11:47 | Create | Villager (Male) |
| 11:47 | Create | Villager (Male) |
| 12:00 | Create | Villager (Male) |
| 12:00 | Create | Villager (Male) |
| 12:08 | Build | Blacksmith |
| 12:41 | Research | Town Watch |
| 13:03 | Build | Siege Workshop |
| 13:47 | Create | Battering Ram |
| 13:47 | Create | Battering Ram |
| 13:52 | Create | Spearman |
| 13:53 | Create | Spearman |
| 14:07 | Build | Palisade Gate |
| 14:10 | Build | House |
| 14:15 | Build | Palisade Wall |
| 14:19 | Build | Palisade Wall |
| 14:26 | Build | Palisade Wall |
| 14:29 | Build | Palisade Wall |
| 14:32 | Build | Palisade Wall |
| 14:38 | Create | Villager (Male) |
| 14:38 | Create | Villager (Male) |
| 14:38 | Create | Villager (Male) |
| 14:41 | Create | Battering Ram |
| 14:58 | Create | Spearman |
| 15:14 | Build | Lumber Camp |
| 15:35 | Create | Battering Ram |
| 16:00 | Create | Spearman |
| 16:00 | Create | Spearman |
| 16:29 | Create | Spearman |
| 16:30 | Create | Spearman |
| 16:53 | Build | Mill |
| 17:15 | Create | Battering Ram |
| 17:15 | Create | Battering Ram |
| 17:23 | Create | Villager (Male) |
| 17:23 | Create | Villager (Male) |
| 18:24 | Create | Villager (Male) |
| 18:25 | Create | Villager (Male) |
| 18:31 | Create | Spearman |
| 19:29 | Create | Villager (Male) |
| 19:29 | Create | Villager (Male) |
| 19:33 | Research | Horse Collar |
| 19:55 | Build | Farm |
| 19:55 | Build | Farm |
| 19:56 | Build | Farm |
| 19:56 | Build | Farm |
| 19:56 | Build | Farm |
| 19:56 | Build | Farm |
| 19:57 | Build | Farm |
| 19:58 | Build | Farm |
| 20:00 | Create | Villager (Male) |
| 20:35 | Create | Villager (Male) |
| 20:41 | Create | Spearman |
| 20:41 | Create | Spearman |
| 20:42 | Create | Spearman |
| 21:21 | Create | Spearman |
| 21:21 | Create | Spearman |
| 21:22 | Create | Villager (Male) |
| 21:22 | Create | Villager (Male) |
| 21:23 | Create | Villager (Male) |
| 21:33 | Build | House |
| 21:34 | Build | House |
| 21:35 | Build | House |
| 21:38 | Build | Farm |
| 21:39 | Build | Farm |
| 21:39 | Build | Farm |
| 21:39 | Build | Farm |
| 21:39 | Build | Farm |
| 21:40 | Build | Farm |
| 21:40 | Build | Farm |
| 21:41 | Build | Farm |
| 21:41 | Build | Farm |
| 22:11 | Create | Villager (Male) |
| 22:52 | Build | Palisade Gate |
| 22:55 | Build | House |
| 24:10 | Create | Villager (Male) |
| 24:10 | Create | Villager (Male) |
| 24:11 | Create | Villager (Male) |
| 24:17 | Build | Farm |
| 24:18 | Build | Farm |
| 24:18 | Build | Farm |
| 24:18 | Build | Farm |
| 24:19 | Build | Farm |
| 24:19 | Build | Farm |
| 24:21 | Create | Villager (Male) |
| 24:22 | Create | Villager (Male) |
| 24:52 | Build | Palisade Gate |
| 25:02 | Create | Villager (Male) |
| 25:07 | Build | Farm |
| 25:20 | Build | Watch Tower |
| 25:52 | Create | Villager (Male) |
| 25:54 | Research | Castle Age |
| 26:07 | Build | Mining Camp |
| 26:21 | Build | Watch Tower |
| 26:26 | Create | Villager (Male) |
| 26:33 | Research | Double-Bit Axe |
| 26:52 | Create | Villager (Male) |
| 27:04 | Build | Siege Workshop |
| 27:29 | Build | Palisade Gate |
| 27:44 | Create | Villager (Male) |
| 28:05 | Build | Palisade Wall |
| 28:23 | Build | Town Center |
| 28:27 | Create | Villager (Male) |
| 28:37 | Build | Mining Camp |
Build order — Mace The Lovely
93 actions detected in the replay
| 0:02 | Build | House |
| 0:03 | Research | Loom |
| 1:16 | Build | Palisade Wall |
| 1:52 | Create | Villager (Male) |
| 2:13 | Create | Villager (Male) |
| 2:22 | Build | Lumber Camp |
| 2:53 | Create | Villager (Male) |
| 2:54 | Create | Villager (Male) |
| 3:28 | Create | Villager (Male) |
| 3:56 | Create | Villager (Male) |
| 4:19 | Create | Villager (Male) |
| 4:43 | Create | Villager (Male) |
| 5:10 | Create | Villager (Male) |
| 5:45 | Create | Villager (Male) |
| 5:58 | Create | Villager (Male) |
| 6:05 | Create | Villager (Male) |
| 6:16 | Build | Mill |
| 6:18 | Create | Villager (Male) |
| 6:46 | Create | Villager (Male) |
| 6:55 | Build | House |
| 7:20 | Create | Villager (Male) |
| 7:25 | Create | Villager (Male) |
| 8:32 | Create | Villager (Male) |
| 8:45 | Create | Villager (Male) |
| 9:04 | Create | Villager (Male) |
| 9:22 | Build | House |
| 9:24 | Build | House |
| 9:52 | Create | Villager (Male) |
| 9:56 | Build | House |
| 10:01 | Create | Villager (Male) |
| 10:37 | Build | Mining Camp |
| 10:38 | Create | Villager (Male) |
| 11:01 | Create | Villager (Male) |
| 11:14 | Create | Villager (Male) |
| 11:36 | Create | Villager (Male) |
| 12:00 | Create | Villager (Male) |
| 12:16 | Build | House |
| 12:48 | Create | Villager (Male) |
| 12:55 | Research | Feudal Age |
| 13:53 | Build | House |
| 13:55 | Build | House |
| 13:57 | Build | House |
| 14:43 | Build | Farm |
| 14:43 | Build | Farm |
| 14:43 | Build | Farm |
| 14:43 | Build | Farm |
| 14:44 | Build | Farm |
| 14:44 | Build | Farm |
| 14:44 | Build | Farm |
| 14:45 | Build | Farm |
| 14:47 | Build | Farm |
| 14:47 | Build | Farm |
| 14:52 | Build | Farm |
| 14:53 | Build | Farm |
| 14:53 | Build | Farm |
| 14:54 | Build | Farm |
| 14:54 | Build | Farm |
| 14:55 | Build | Farm |
| 14:55 | Build | Farm |
| 14:55 | Build | Farm |
| 15:02 | Create | Villager (Male) |
| 15:26 | Age | Feudal Age |
| 15:31 | Build | Stone Wall |
| 15:35 | Create | Villager (Male) |
| 15:48 | Build | Farm |
| 15:55 | Build | Farm |
| 16:05 | Research | Double-Bit Axe |
| 16:13 | Research | Wheelbarrow |
| 16:46 | Build | Barracks |
| 16:53 | Build | Lumber Camp |
| 17:08 | Build | Stone Wall |
| 17:23 | Create | Militia |
| 17:23 | Create | Militia |
| 17:23 | Create | Militia |
| 17:23 | Create | Militia |
| 17:39 | Create | Militia |
| 18:38 | Create | Militia |
| 18:48 | Create | Militia |
| 19:54 | Research | Man-at-Arms (upgrade) |
| 20:15 | Create | Militia |
| 20:22 | Build | Town Center |
| 20:49 | Build | House |
| 20:55 | Build | House |
| 21:04 | Build | House |
| 21:06 | Build | House |
| 21:29 | Build | Blacksmith |
| 21:46 | Create | Villager (Male) |
| 21:46 | Create | Villager (Male) |
| 21:47 | Create | Villager (Male) |
| 22:20 | Build | Market |
| 22:31 | Create | Villager (Male) |
| 23:04 | Create | Villager (Male) |
| 23:19 | Research | Castle Age |
Build order — Thousand Sons
First 150 of 215 actions detected
| 0:02 | Create | Villager (Male) |
| 0:02 | Create | Villager (Male) |
| 0:04 | Build | House |
| 0:06 | Build | House |
| 0:36 | Create | Villager (Male) |
| 0:36 | Create | Villager (Male) |
| 1:48 | Create | Villager (Male) |
| 1:48 | Create | Villager (Male) |
| 1:51 | Build | Lumber Camp |
| 2:13 | Create | Villager (Male) |
| 2:31 | Create | Villager (Male) |
| 2:31 | Create | Villager (Male) |
| 3:03 | Create | Villager (Male) |
| 3:34 | Create | Villager (Male) |
| 3:38 | Build | House |
| 3:40 | Build | House |
| 3:59 | Create | Villager (Male) |
| 3:59 | Create | Villager (Male) |
| 4:34 | Create | Villager (Male) |
| 4:35 | Create | Villager (Male) |
| 5:12 | Create | Villager (Male) |
| 5:13 | Create | Villager (Male) |
| 5:42 | Build | Mill |
| 5:47 | Create | Villager (Male) |
| 6:36 | Create | Villager (Male) |
| 6:37 | Create | Villager (Male) |
| 7:15 | Create | Villager (Male) |
| 7:15 | Create | Villager (Male) |
| 7:31 | Create | Villager (Male) |
| 7:31 | Create | Villager (Male) |
| 7:32 | Create | Villager (Male) |
| 7:52 | Create | Villager (Male) |
| 8:28 | Build | House |
| 8:29 | Build | House |
| 8:51 | Create | Villager (Male) |
| 9:02 | Build | Barracks |
| 9:59 | Create | Villager (Male) |
| 9:59 | Create | Villager (Male) |
| 10:00 | Create | Villager (Male) |
| 10:00 | Create | Villager (Male) |
| 10:00 | Create | Villager (Male) |
| 10:16 | Build | Mill |
| 10:53 | Research | Loom |
| 11:07 | Create | Villager (Male) |
| 11:07 | Create | Villager (Male) |
| 11:07 | Create | Villager (Male) |
| 11:08 | Create | Villager (Male) |
| 11:08 | Create | Villager (Male) |
| 11:08 | Create | Villager (Male) |
| 11:24 | Build | Palisade Wall |
| 11:33 | Build | Palisade Wall |
| 11:46 | Build | Palisade Wall |
| 11:56 | Create | Villager (Male) |
| 11:56 | Create | Villager (Male) |
| 12:00 | Build | Mining Camp |
| 12:26 | Research | Feudal Age |
| 13:23 | Build | House |
| 13:25 | Build | House |
| 14:03 | Age | Feudal Age |
| 14:07 | Build | Stable |
| 14:08 | Build | Stable |
| 14:13 | Create | Villager (Male) |
| 14:21 | Build | Blacksmith |
| 15:13 | Research | Castle Age |
| 15:38 | Build | Farm |
| 15:39 | Build | Farm |
| 15:39 | Build | Farm |
| 15:40 | Build | Farm |
| 16:18 | Build | Farm |
| 16:41 | Build | Farm |
| 16:41 | Build | Farm |
| 16:41 | Build | Farm |
| 16:43 | Build | Farm |
| 16:49 | Age | Castle Age |
| 16:54 | Build | Stable |
| 16:58 | Build | Stable |
| 17:36 | Create | Battle Elephant |
| 17:36 | Create | Battle Elephant |
| 17:37 | Create | Battle Elephant |
| 18:06 | Build | Market |
| 18:25 | Create | Battle Elephant |
| 18:25 | Create | Battle Elephant |
| 18:30 | Create | Battle Elephant |
| 18:30 | Create | Battle Elephant |
| 19:02 | Build | House |
| 19:03 | Build | House |
| 19:09 | Create | Battle Elephant ×3 |
| 19:41 | Build | Mill |
| 19:42 | Build | Farm |
| 19:43 | Build | Farm |
| 19:47 | Create | Battle Elephant |
| 19:47 | Create | Battle Elephant |
| 20:39 | Create | Battle Elephant |
| 20:39 | Create | Battle Elephant |
| 21:05 | Create | Battle Elephant |
| 21:46 | Create | Knight |
| 22:53 | Create | Battle Elephant |
| 22:53 | Create | Battle Elephant |
| 23:09 | Create | Villager (Male) |
| 23:09 | Create | Villager (Male) |
| 23:14 | Build | House |
| 23:33 | Create | Battle Elephant |
| 23:33 | Create | Battle Elephant |
| 23:40 | Create | Battle Elephant |
| 24:11 | Build | Stone Wall |
| 24:14 | Build | Farm |
| 24:14 | Build | Farm |
| 24:15 | Build | Farm |
| 24:15 | Build | Farm |
| 24:15 | Build | Farm |
| 25:01 | Create | Battle Elephant |
| 25:02 | Create | Battle Elephant |
| 25:02 | Create | Battle Elephant |
| 25:39 | Create | Villager (Male) |
| 25:39 | Create | Villager (Male) |
| 25:39 | Create | Villager (Male) |
| 25:45 | Build | House |
| 25:47 | Build | House |
| 26:13 | Create | Villager (Male) |
| 27:17 | Create | Battle Elephant ×5 |
| 28:01 | Create | Scout Cavalry |
| 28:01 | Create | Scout Cavalry |
| 28:01 | Create | Scout Cavalry |
| 28:13 | Build | Farm |
| 28:14 | Build | Farm |
| 28:16 | Create | Villager (Male) |
| 28:21 | Build | House |
| 28:22 | Build | House |
| 30:06 | Create | Villager (Male) |
| 30:07 | Create | Villager (Male) |
| 30:21 | Build | Farm |
| 30:31 | Create | Battle Elephant |
| 30:31 | Create | Battle Elephant |
| 30:43 | Build | Farm |
| 30:47 | Create | Villager (Male) |
| 30:47 | Create | Villager (Male) |
| 30:56 | Create | Villager (Male) |
| 31:24 | Create | Villager (Male) |
| 31:24 | Create | Villager (Male) |
| 31:36 | Build | Mining Camp |
| 32:14 | Create | Battle Elephant ×5 |
| 32:32 | Create | Villager (Male) |
| 32:35 | Research | Town Watch |
| 32:37 | Research | Horse Collar |
| 32:42 | Research | Double-Bit Axe |
| 32:44 | Create | Villager (Male) |
| 33:09 | Create | Battle Elephant |
| 33:09 | Create | Battle Elephant |
| 33:10 | Create | Battle Elephant |
| 33:10 | Create | Battle Elephant |
Build order — BarthoClub
First 150 of 206 actions detected
| 0:06 | Build | House |
| 0:11 | Build | House |
| 0:24 | Create | Villager (Male) ×4 |
| 2:19 | Create | Villager (Male) |
| 2:19 | Create | Villager (Male) |
| 2:55 | Create | Villager (Male) |
| 2:55 | Create | Villager (Male) |
| 2:55 | Create | Villager (Male) |
| 4:12 | Build | Palisade Wall |
| 4:24 | Create | Villager (Male) ×3 |
| 5:09 | Build | Mill |
| 5:23 | Build | House |
| 5:25 | Build | House |
| 6:52 | Build | Lumber Camp |
| 7:11 | Research | Loom |
| 7:11 | Create | Villager (Male) |
| 7:13 | Create | Villager (Male) |
| 7:13 | Create | Villager (Male) |
| 7:14 | Create | Villager (Male) |
| 7:14 | Create | Villager (Male) |
| 8:36 | Build | House |
| 9:48 | Build | Mill |
| 9:57 | Create | Villager (Male) |
| 9:57 | Create | Villager (Male) |
| 9:58 | Create | Villager (Male) |
| 11:06 | Build | Farm |
| 11:11 | Build | Farm |
| 11:15 | Create | Villager (Male) |
| 11:15 | Create | Villager (Male) |
| 11:15 | Create | Villager (Male) |
| 11:17 | Create | Villager (Male) |
| 11:17 | Create | Villager (Male) |
| 11:17 | Create | Villager (Male) |
| 12:13 | Build | Mining Camp |
| 12:45 | Research | Feudal Age |
| 12:48 | Create | Villager (Male) |
| 12:49 | Create | Villager (Male) |
| 12:49 | Create | Villager (Male) |
| 12:49 | Create | Villager (Male) |
| 13:26 | Create | Villager (Male) |
| 13:26 | Create | Villager (Male) |
| 13:26 | Create | Villager (Male) |
| 13:35 | Build | House |
| 13:37 | Build | House |
| 13:48 | Build | Outpost |
| 13:54 | Build | Outpost |
| 13:57 | Build | Outpost |
| 14:03 | Build | Outpost |
| 14:06 | Build | Outpost |
| 14:12 | Build | Outpost |
| 14:15 | Build | Outpost |
| 14:17 | Build | Outpost |
| 14:36 | Build | Outpost |
| 15:05 | Age | Feudal Age |
| 15:30 | Create | Villager (Male) |
| 15:31 | Create | Villager (Male) |
| 15:31 | Create | Villager (Male) |
| 15:31 | Create | Villager (Male) |
| 15:31 | Create | Villager (Male) |
| 15:32 | Create | Villager (Male) |
| 15:32 | Create | Villager (Male) |
| 15:32 | Create | Villager (Male) |
| 15:48 | Build | Stone Wall |
| 15:54 | Build | Stone Wall |
| 16:58 | Build | Barracks |
| 17:26 | Build | Blacksmith |
| 17:44 | Build | Farm |
| 18:00 | Build | Stone Wall |
| 18:11 | Build | Farm |
| 18:16 | Build | Farm |
| 18:22 | Build | Farm |
| 18:25 | Create | Spearman |
| 18:25 | Create | Spearman |
| 18:26 | Create | Spearman |
| 18:26 | Create | Spearman |
| 18:26 | Create | Spearman |
| 18:26 | Create | Spearman |
| 19:16 | Build | Lumber Camp |
| 19:56 | Build | House |
| 19:57 | Build | House |
| 20:12 | Build | Gate |
| 20:36 | Build | Gate |
| 21:00 | Build | Stable |
| 22:46 | Build | Farm |
| 22:48 | Build | Farm |
| 22:54 | Build | Farm |
| 22:56 | Build | Farm |
| 23:10 | Build | Farm |
| 23:14 | Build | Farm |
| 23:31 | Build | Farm |
| 23:36 | Build | House |
| 23:38 | Create | Scout Cavalry |
| 23:39 | Create | Scout Cavalry |
| 23:39 | Create | Scout Cavalry |
| 23:39 | Create | Scout Cavalry |
| 23:39 | Create | Scout Cavalry |
| 23:51 | Build | Market |
| 23:58 | Build | Farm |
| 23:59 | Build | Farm |
| 24:04 | Create | Spearman ×5 |
| 24:04 | Create | Spearman ×5 |
| 24:05 | Create | Spearman ×2 |
| 24:28 | Build | Farm |
| 24:49 | Build | Farm |
| 24:56 | Build | Farm |
| 24:59 | Research | Castle Age |
| 25:33 | Build | Archery Range |
| 25:36 | Build | Archery Range |
| 25:41 | Build | Archery Range |
| 26:19 | Research | Forging |
| 26:20 | Research | Scale Mail Armor |
| 26:22 | Research | Scale Barding Armor |
| 27:18 | Create | Spearman |
| 27:19 | Create | Spearman |
| 27:19 | Create | Spearman |
| 27:19 | Create | Spearman |
| 27:19 | Create | Spearman |
| 27:39 | Age | Castle Age |
| 28:07 | Build | Siege Workshop |
| 28:15 | Create | Villager (Male) ×5 |
| 28:32 | Build | Town Center |
| 30:35 | Create | Battering Ram |
| 30:35 | Create | Battering Ram |
| 30:36 | Create | Battering Ram |
| 30:55 | Create | Villager (Male) |
| 30:55 | Create | Villager (Male) |
| 30:56 | Create | Villager (Male) |
| 30:56 | Create | Villager (Male) |
| 30:56 | Create | Villager (Male) |
| 30:56 | Create | Villager (Male) |
| 30:57 | Create | Villager (Male) |
| 31:04 | Create | Villager (Male) ×5 |
| 31:04 | Create | Villager (Male) ×5 |
| 31:05 | Create | Villager (Male) ×5 |
| 31:05 | Create | Villager (Male) ×5 |
| 32:02 | Build | University |
| 32:16 | Build | Monastery |
| 32:56 | Create | Villager (Male) ×4 |
| 32:57 | Create | Villager (Male) ×4 |
| 33:03 | Create | Monk |
| 34:27 | Build | Castle |
| 34:53 | Research | Chemistry |
| 35:08 | Create | Villager (Male) ×4 |
| 35:21 | Build | Farm |
| 35:29 | Build | Farm |
| 35:36 | Build | Farm |
| 36:30 | Research | Ballistics |
| 37:35 | Create | Monk |
| 37:46 | Create | Hussite Wagon |
| 37:46 | Create | Hussite Wagon |
Build order — GERMANICO7222
First 150 of 468 actions detected
| 0:03 | Build | House |
| 0:05 | Build | House |
| 0:06 | Create | Villager (Male) |
| 0:07 | Create | Villager (Male) |
| 0:07 | Create | Villager (Male) |
| 0:07 | Create | Villager (Male) |
| 0:07 | Create | Villager (Male) |
| 1:34 | Create | Villager (Male) |
| 2:08 | Create | Villager (Male) |
| 2:08 | Create | Villager (Male) |
| 2:56 | Create | Villager (Male) |
| 2:56 | Create | Villager (Male) |
| 2:57 | Create | Villager (Male) |
| 3:10 | Build | House |
| 3:11 | Build | House |
| 3:46 | Build | Palisade Wall |
| 3:52 | Create | Villager (Male) |
| 3:53 | Create | Villager (Male) |
| 4:00 | Create | Villager (Male) |
| 4:52 | Research | Loom |
| 4:53 | Create | Villager (Male) |
| 5:33 | Create | Villager (Male) |
| 5:38 | Create | Villager (Male) |
| 6:04 | Create | Villager (Male) |
| 6:10 | Build | House |
| 6:12 | Build | House |
| 6:32 | Create | Villager (Male) |
| 6:50 | Build | Lumber Camp |
| 7:19 | Create | Villager (Male) |
| 7:28 | Create | Villager (Male) |
| 7:31 | Create | Villager (Male) |
| 7:52 | Create | Villager (Male) |
| 8:00 | Build | Mill |
| 8:27 | Build | House |
| 9:19 | Create | Villager (Male) |
| 9:19 | Create | Villager (Male) |
| 9:22 | Create | Villager (Male) |
| 9:31 | Build | Mill |
| 9:36 | Create | Villager (Male) |
| 9:37 | Create | Villager (Male) |
| 9:52 | Create | Villager (Male) |
| 11:14 | Create | Villager (Male) |
| 11:15 | Create | Villager (Male) |
| 11:20 | Build | Lumber Camp |
| 11:22 | Research | Double-Bit Axe |
| 12:16 | Research | Feudal Age |
| 12:20 | Build | Mining Camp |
| 13:41 | Build | Farm |
| 13:41 | Build | Farm |
| 13:41 | Build | Farm |
| 13:42 | Build | Farm |
| 13:42 | Build | Farm |
| 13:42 | Build | Farm |
| 13:57 | Create | Villager (Male) |
| 13:57 | Create | Villager (Male) |
| 14:22 | Build | Farm |
| 14:22 | Build | Farm |
| 14:22 | Build | Farm |
| 14:26 | Age | Feudal Age |
| 14:41 | Create | Villager (Male) |
| 14:43 | Create | Villager (Male) |
| 14:57 | Build | Market |
| 14:59 | Build | Blacksmith |
| 15:07 | Build | Farm |
| 15:13 | Create | Villager (Male) |
| 15:14 | Create | Villager (Male) |
| 15:42 | Build | Stone Wall |
| 15:46 | Build | Stone Wall |
| 15:52 | Create | Villager (Male) |
| 15:59 | Build | Blacksmith |
| 16:38 | Build | Barracks |
| 16:59 | Create | Flemish Militia |
| 17:00 | Create | Flemish Militia |
| 17:00 | Create | Flemish Militia |
| 17:00 | Create | Flemish Militia |
| 17:01 | Create | Flemish Militia |
| 17:04 | Create | Flemish Militia |
| 17:14 | Build | Mining Camp |
| 17:30 | Build | Farm |
| 17:30 | Build | Farm |
| 17:30 | Build | Farm |
| 17:31 | Build | Farm |
| 17:33 | Create | Villager (Male) |
| 17:33 | Create | Villager (Male) |
| 17:33 | Create | Villager (Male) |
| 17:34 | Create | Villager (Male) |
| 18:00 | Create | Flemish Militia |
| 18:05 | Build | House |
| 18:06 | Build | House |
| 18:18 | Create | Villager (Male) |
| 18:24 | Build | House |
| 18:25 | Create | Villager (Male) |
| 18:28 | Create | Villager (Male) |
| 18:33 | Build | Farm |
| 18:34 | Create | Flemish Militia |
| 18:46 | Research | Scale Mail Armor |
| 18:54 | Create | Flemish Militia |
| 18:55 | Create | Flemish Militia |
| 20:01 | Create | Villager (Male) |
| 20:07 | Build | Archery Range |
| 20:14 | Create | Villager (Male) |
| 20:17 | Build | Farm |
| 20:18 | Build | Farm |
| 20:18 | Build | Farm |
| 20:18 | Build | Farm |
| 20:29 | Build | House |
| 20:30 | Build | House |
| 20:35 | Create | Skirmisher |
| 20:35 | Create | Skirmisher |
| 20:41 | Create | Skirmisher |
| 20:52 | Create | Villager (Male) |
| 20:59 | Research | Bow Saw |
| 21:02 | Create | Skirmisher |
| 21:03 | Create | Skirmisher |
| 21:03 | Create | Skirmisher |
| 21:45 | Create | Villager (Male) |
| 21:57 | Build | Farm |
| 21:57 | Build | Farm |
| 21:57 | Build | Farm |
| 22:26 | Create | Villager (Male) |
| 22:27 | Create | Villager (Male) |
| 22:29 | Build | Farm |
| 22:30 | Build | Farm |
| 22:30 | Build | Farm |
| 22:32 | Create | Villager (Male) |
| 22:36 | Build | House |
| 22:37 | Build | House |
| 22:42 | Build | House |
| 22:43 | Create | Skirmisher |
| 22:44 | Create | Skirmisher |
| 22:48 | Create | Flemish Militia |
| 22:48 | Create | Flemish Militia |
| 22:53 | Research | Fletching |
| 24:38 | Create | Villager (Male) |
| 24:39 | Create | Villager (Male) |
| 24:39 | Create | Villager (Male) |
| 24:43 | Build | Farm |
| 24:43 | Build | Farm |
| 24:43 | Build | Farm |
| 24:43 | Build | Farm |
| 24:45 | Create | Villager (Male) |
| 24:46 | Create | Villager (Male) |
| 26:06 | Create | Villager (Male) |
| 26:07 | Create | Villager (Male) |
| 26:13 | Research | Castle Age |
| 26:31 | Build | Farm |
| 26:32 | Build | Farm |
| 26:32 | Build | Farm |
| 26:32 | Build | Farm |
| 27:09 | Create | Villager (Male) |
Build order — Don_Hertzfeld
First 150 of 349 actions detected
| 0:02 | Create | Villager (Male) |
| 0:02 | Create | Villager (Male) |
| 0:03 | Create | Villager (Male) |
| 0:04 | Build | House |
| 0:06 | Build | House |
| 0:21 | Create | Villager (Male) |
| 0:21 | Create | Villager (Male) |
| 1:36 | Create | Villager (Male) |
| 1:36 | Create | Villager (Male) |
| 1:50 | Build | Lumber Camp |
| 2:23 | Create | Villager (Male) |
| 2:23 | Create | Villager (Male) |
| 2:23 | Create | Villager (Male) |
| 3:19 | Create | Villager (Male) |
| 3:20 | Create | Villager (Male) |
| 4:08 | Create | Villager (Male) |
| 4:09 | Create | Villager (Male) |
| 4:09 | Create | Villager (Male) |
| 4:12 | Build | House |
| 5:11 | Build | Mill |
| 5:14 | Create | Villager (Male) |
| 5:14 | Create | Villager (Male) |
| 6:19 | Create | Villager (Male) |
| 6:21 | Create | Villager (Male) |
| 6:38 | Create | Villager (Male) |
| 6:58 | Research | Loom |
| 7:20 | Create | Villager (Male) |
| 7:21 | Create | Villager (Male) |
| 7:21 | Create | Villager (Male) |
| 7:49 | Build | House |
| 7:50 | Build | House |
| 8:37 | Create | Villager (Male) |
| 9:02 | Create | Villager (Male) |
| 9:03 | Create | Villager (Male) |
| 9:22 | Build | Mining Camp |
| 9:44 | Build | Barracks |
| 9:48 | Build | Palisade Wall |
| 9:58 | Research | Feudal Age |
| 11:06 | Build | House |
| 11:07 | Build | House |
| 11:09 | Build | House |
| 11:11 | Build | House |
| 11:43 | Build | Palisade Wall |
| 12:08 | Create | Villager (Male) |
| 12:08 | Create | Villager (Male) |
| 12:15 | Age | Feudal Age |
| 12:25 | Build | Blacksmith |
| 12:37 | Build | Archery Range |
| 12:46 | Build | Farm |
| 12:51 | Build | Farm |
| 12:54 | Research | Double-Bit Axe |
| 13:01 | Build | Stone Wall |
| 13:16 | Create | Villager (Male) |
| 13:16 | Create | Villager (Male) |
| 13:24 | Build | Farm |
| 13:37 | Research | Fletching |
| 13:47 | Create | Archer |
| 13:48 | Create | Archer |
| 14:09 | Build | Archery Range |
| 14:14 | Create | Villager (Male) |
| 14:15 | Create | Villager (Male) |
| 14:15 | Create | Villager (Male) |
| 15:08 | Create | Archer |
| 15:08 | Create | Archer |
| 15:08 | Create | Archer |
| 15:09 | Create | Archer |
| 15:13 | Create | Archer |
| 15:13 | Create | Archer |
| 15:16 | Build | House |
| 15:20 | Create | Villager (Male) |
| 15:20 | Create | Villager (Male) |
| 15:27 | Build | Farm |
| 15:31 | Build | Farm |
| 15:34 | Research | Horse Collar |
| 15:39 | Research | Padded Archer Armor |
| 15:46 | Create | Archer |
| 15:47 | Create | Archer |
| 16:35 | Create | Archer |
| 16:35 | Create | Archer |
| 16:35 | Create | Archer |
| 16:49 | Create | Villager (Male) |
| 16:51 | Create | Villager (Male) |
| 16:52 | Research | Wheelbarrow |
| 16:55 | Build | Farm |
| 16:57 | Build | Farm |
| 17:11 | Create | Archer |
| 17:11 | Create | Archer |
| 17:11 | Create | Archer |
| 17:36 | Build | House |
| 17:38 | Build | House |
| 17:40 | Build | House |
| 17:42 | Build | House |
| 17:45 | Build | Palisade Wall |
| 18:17 | Create | Archer |
| 18:17 | Create | Archer |
| 18:17 | Create | Archer |
| 18:18 | Create | Archer |
| 19:11 | Create | Villager (Male) |
| 19:12 | Create | Villager (Male) |
| 20:28 | Create | Villager (Male) |
| 20:51 | Create | Villager (Male) |
| 20:53 | Create | Villager (Male) |
| 21:50 | Create | Villager (Male) |
| 21:51 | Create | Villager (Male) |
| 22:09 | Create | Villager (Male) |
| 22:22 | Build | Farm |
| 22:22 | Build | Farm |
| 22:22 | Build | Farm |
| 22:42 | Create | Villager (Male) |
| 22:51 | Create | Villager (Male) |
| 22:51 | Create | Villager (Male) |
| 24:00 | Create | Villager (Male) |
| 24:01 | Create | Villager (Male) |
| 24:09 | Create | Villager (Male) |
| 24:40 | Create | Villager (Male) |
| 24:57 | Create | Archer |
| 24:57 | Create | Archer |
| 24:57 | Create | Archer |
| 25:01 | Create | Villager (Male) |
| 25:01 | Create | Villager (Male) |
| 25:26 | Create | Villager (Male) |
| 25:35 | Create | Villager (Male) |
| 25:39 | Create | Villager (Male) |
| 26:14 | Create | Villager (Male) |
| 26:34 | Build | Mill |
| 26:35 | Build | Farm |
| 26:35 | Build | Farm |
| 26:35 | Build | Farm |
| 26:35 | Build | Farm |
| 26:36 | Build | Farm |
| 26:36 | Build | Farm |
| 26:36 | Build | Farm |
| 26:36 | Build | Farm |
| 26:37 | Build | Farm |
| 26:49 | Create | Archer |
| 26:49 | Create | Archer |
| 27:54 | Create | Villager (Male) |
| 28:16 | Create | Villager (Male) |
| 28:17 | Create | Villager (Male) |
| 28:25 | Build | Watch Tower |
| 29:26 | Create | Villager (Male) |
| 29:26 | Create | Villager (Male) |
| 29:49 | Research | Castle Age |
| 30:03 | Create | Villager (Male) |
| 30:14 | Build | House |
| 30:15 | Build | House |
| 30:15 | Build | House |
| 30:15 | Build | House |
| 30:16 | Build | House |
| 30:16 | Build | House |
Match timeline
| 1:07 | EL SEÑOR PONY · wall_segment Palisade Wall x7 |
| 1:16 | Mace The Lovely · wall_segment Palisade Wall x9 |
| 3:01 | NoTradeBeforeImp · wall_segment Palisade Wall x1 |
| 3:04 | NoTradeBeforeImp · wall_segment Palisade Wall x8 |
| 3:07 | NoTradeBeforeImp · wall_segment Palisade Wall x1 |
| 3:46 | GERMANICO7222 · wall_segment Palisade Wall x26 |
| 4:12 | BarthoClub · wall_segment Palisade Wall x20 |
| 5:47 | Lampiao · wall_segment Palisade Wall x1 |
| 9:02 | Thousand Sons · first_building Barracks |
| 9:25 | NoTradeBeforeImp · wall_segment Palisade Wall x1 |
| 9:44 | Don_Hertzfeld · first_building Barracks |
| 9:48 | Don_Hertzfeld · wall_segment Palisade Wall x1 |
| 10:32 | NoTradeBeforeImp · age_up feudal |
| 11:10 | Lampiao · age_up feudal |
| 11:24 | Thousand Sons · wall_segment Palisade Wall x1 |
| 11:26 | NoTradeBeforeImp · first_building Barracks |
| 11:33 | Thousand Sons · wall_segment Palisade Wall x1 |
| 11:43 | Don_Hertzfeld · wall_segment Palisade Wall x6 |
| 11:46 | Thousand Sons · wall_segment Palisade Wall x1 |
| 12:15 | Don_Hertzfeld · age_up feudal |
| 12:37 | Don_Hertzfeld · first_building Archery Range |
| 13:01 | Don_Hertzfeld · wall_segment Stone Wall x4 |
| 13:03 | NoTradeBeforeImp · first_building Siege Workshop |
| 14:03 | Thousand Sons · age_up feudal |
| 14:07 | Thousand Sons · first_building Stable |
| 14:09 | EL SEÑOR PONY · first_building Barracks |
| 14:15 | NoTradeBeforeImp · wall_segment Palisade Wall x1 |
| 14:19 | NoTradeBeforeImp · wall_segment Palisade Wall x1 |
| 14:26 | GERMANICO7222 · age_up feudal |
| 14:26 | NoTradeBeforeImp · wall_segment Palisade Wall x1 |
| 14:29 | NoTradeBeforeImp · wall_segment Palisade Wall x2 |
| 14:32 | NoTradeBeforeImp · wall_segment Palisade Wall x5 |
| 14:45 | EL SEÑOR PONY · age_up feudal |
| 15:05 | BarthoClub · age_up feudal |
| 15:26 | Mace The Lovely · age_up feudal |
| 15:31 | Mace The Lovely · wall_segment Stone Wall x15 |
| 15:40 | EL SEÑOR PONY · wall_segment Stone Wall x7 |
| 15:42 | GERMANICO7222 · wall_segment Stone Wall x8 |
| 15:46 | GERMANICO7222 · wall_segment Stone Wall x12 |
| 15:48 | BarthoClub · wall_segment Stone Wall x3 |
| 15:54 | BarthoClub · wall_segment Stone Wall x20 |
| 16:28 | Lampiao · age_up castle |
| 16:38 | GERMANICO7222 · first_building Barracks |
| 16:46 | Mace The Lovely · first_building Barracks |
| 16:49 | Lampiao · first_building Monastery |
| 16:49 | Thousand Sons · age_up castle |
| 16:58 | BarthoClub · first_building Barracks |
| 17:08 | Mace The Lovely · wall_segment Stone Wall x8 |
| 17:25 | GERMANICO7222 · tribute_sent a jugador 1 |
| 17:25 | GERMANICO7222 · tribute_sent a jugador 2 |
| 17:25 | GERMANICO7222 · tribute_sent a jugador 3 |
| 17:25 | GERMANICO7222 · tribute_sent a jugador 4 |
| 17:25 | GERMANICO7222 · tribute_sent a jugador 5 |
| 17:25 | GERMANICO7222 · tribute_sent a jugador 6 |
| 17:25 | GERMANICO7222 · tribute_sent a jugador 8 |
| 17:45 | Don_Hertzfeld · wall_segment Palisade Wall x1 |
| 18:00 | Lampiao · first_building Barracks |
| 18:00 | BarthoClub · wall_segment Stone Wall x19 |
| 18:47 | Lampiao · first_building Stable |
| 19:00 | EL SEÑOR PONY · wall_segment Stone Wall x11 |
| 19:28 | GERMANICO7222 · tribute_sent a jugador 1 |
| 19:28 | GERMANICO7222 · tribute_sent a jugador 2 |
| 19:28 | GERMANICO7222 · tribute_sent a jugador 3 |
| 19:28 | GERMANICO7222 · tribute_sent a jugador 4 |
| 19:28 | GERMANICO7222 · tribute_sent a jugador 5 |
| 19:28 | GERMANICO7222 · tribute_sent a jugador 6 |
| 19:28 | GERMANICO7222 · tribute_sent a jugador 8 |
| 20:07 | GERMANICO7222 · first_building Archery Range |
| 21:00 | BarthoClub · first_building Stable |
| 21:53 | Lampiao · first_building Siege Workshop |
| 22:20 | GERMANICO7222 · tribute_sent a jugador 1 |
| 22:20 | GERMANICO7222 · tribute_sent a jugador 2 |
| 22:20 | GERMANICO7222 · tribute_sent a jugador 3 |
| 22:20 | GERMANICO7222 · tribute_sent a jugador 4 |
| 22:20 | GERMANICO7222 · tribute_sent a jugador 5 |
| 22:20 | GERMANICO7222 · tribute_sent a jugador 6 |
| 22:20 | GERMANICO7222 · tribute_sent a jugador 8 |
| 23:57 | EL SEÑOR PONY · wall_segment Stone Wall x9 |
| 24:11 | Thousand Sons · wall_segment Stone Wall x18 |
| 25:33 | BarthoClub · first_building Archery Range |
| 26:02 | EL SEÑOR PONY · wall_segment Stone Wall x14 |
| 27:39 | BarthoClub · age_up castle |
| 28:05 | NoTradeBeforeImp · wall_segment Palisade Wall x7 |
| 28:07 | BarthoClub · first_building Siege Workshop |
| 28:27 | EL SEÑOR PONY · first_market_buy 100 food |
| 28:52 | GERMANICO7222 · age_up castle |
| 29:20 | NoTradeBeforeImp · age_up castle |
| 30:04 | EL SEÑOR PONY · wall_segment Stone Wall x10 |
| 30:04 | GERMANICO7222 · wall_segment Stone Wall x3 |
| 30:08 | GERMANICO7222 · wall_segment Palisade Wall x1 |
| 30:14 | GERMANICO7222 · wall_segment Stone Wall x8 |
| 30:33 | EL SEÑOR PONY · first_building Archery Range |
| 31:21 | EL SEÑOR PONY · age_up castle |
| 31:40 | Lampiao · first_building Castle |
| 32:01 | NoTradeBeforeImp · first_building Castle |
| 32:14 | EL SEÑOR PONY · first_building Siege Workshop |
| 32:16 | BarthoClub · first_building Monastery |
| 33:05 | GERMANICO7222 · first_building Stable |
| 33:16 | Don_Hertzfeld · age_up castle |
| 33:41 | Thousand Sons · first_market_buy 100 food |
| 33:46 | Thousand Sons · first_market_sell 100 stone |
| 33:54 | Thousand Sons · tribute_sent a jugador 1 |
| 33:54 | Thousand Sons · tribute_sent a jugador 2 |
| 33:54 | Thousand Sons · tribute_sent a jugador 3 |
| 33:54 | Thousand Sons · tribute_sent a jugador 5 |
| 33:54 | Thousand Sons · tribute_sent a jugador 6 |
| 33:54 | Thousand Sons · tribute_sent a jugador 7 |
| 33:54 | Thousand Sons · tribute_sent a jugador 8 |
| 33:55 | BarthoClub · tribute_sent a jugador 1 |
| 33:55 | BarthoClub · tribute_sent a jugador 2 |
| 33:55 | BarthoClub · tribute_sent a jugador 3 |
| 33:55 | BarthoClub · tribute_sent a jugador 4 |
| 33:55 | BarthoClub · tribute_sent a jugador 5 |
| 33:55 | BarthoClub · tribute_sent a jugador 7 |
| 33:55 | BarthoClub · tribute_sent a jugador 8 |
| 33:55 | Don_Hertzfeld · wall_segment Stone Wall x1 |
| 34:09 | Lampiao · age_up imperial |
| 34:27 | BarthoClub · first_building Castle |
| 35:45 | EL SEÑOR PONY · first_building Castle |
| 36:00 | GERMANICO7222 · first_building Monastery |
| 36:20 | GERMANICO7222 · first_building Siege Workshop |
| 36:22 | Thousand Sons · tribute_sent a jugador 1 |
| 36:22 | Thousand Sons · tribute_sent a jugador 2 |
| 36:22 | Thousand Sons · tribute_sent a jugador 3 |
| 36:22 | Thousand Sons · tribute_sent a jugador 5 |
| 36:22 | Thousand Sons · tribute_sent a jugador 6 |
| 36:22 | Thousand Sons · tribute_sent a jugador 7 |
| 36:22 | Thousand Sons · tribute_sent a jugador 8 |
| 37:00 | EL SEÑOR PONY · wall_segment Stone Wall x1 |
| 37:05 | Lampiao · first_market_sell 100 food |
| 37:41 | EL SEÑOR PONY · first_building Monastery |
| 38:28 | Thousand Sons · wall_segment Stone Wall x4 |
| 38:46 | Thousand Sons · tribute_sent a jugador 1 |
| 38:46 | Thousand Sons · tribute_sent a jugador 2 |
| 38:46 | Thousand Sons · tribute_sent a jugador 3 |
| 38:46 | Thousand Sons · tribute_sent a jugador 5 |
| 38:46 | Thousand Sons · tribute_sent a jugador 6 |
| 38:46 | Thousand Sons · tribute_sent a jugador 7 |
| 38:46 | Thousand Sons · tribute_sent a jugador 8 |
| 39:04 | EL SEÑOR PONY · wall_segment Stone Wall x1 |
| 39:57 | NoTradeBeforeImp · first_market_buy 100 wood |
| 40:01 | EL SEÑOR PONY · wall_segment Stone Wall x6 |
| 40:14 | GERMANICO7222 · first_building Castle |
| 40:34 | NoTradeBeforeImp · first_building Stable |
| 40:49 | GERMANICO7222 · age_up imperial |
| 40:51 | Thousand Sons · tribute_sent a jugador 1 |
| 40:51 | Thousand Sons · tribute_sent a jugador 2 |
| 40:51 | Thousand Sons · tribute_sent a jugador 3 |
| 40:51 | Thousand Sons · tribute_sent a jugador 5 |
| 40:51 | Thousand Sons · tribute_sent a jugador 6 |
| 40:51 | Thousand Sons · tribute_sent a jugador 7 |
| 40:51 | Thousand Sons · tribute_sent a jugador 8 |
| 41:04 | EL SEÑOR PONY · wall_segment Stone Wall x3 |
| 41:27 | Thousand Sons · wall_segment Stone Wall x3 |
| 41:33 | Thousand Sons · wall_segment Stone Wall x3 |
| 41:36 | Thousand Sons · wall_segment Stone Wall x2 |
| 41:46 | Lampiao · first_market_buy 100 wood |
| 42:13 | EL SEÑOR PONY · wall_segment Stone Wall x10 |
| 42:54 | Thousand Sons · wall_segment Stone Wall x3 |
| 43:08 | NoTradeBeforeImp · age_up imperial |
| 44:46 | Thousand Sons · first_building Castle |
| 47:13 | EL SEÑOR PONY · first_building Krepost |
| 47:13 | NoTradeBeforeImp · wall_segment Palisade Wall x1 |
| 47:14 | NoTradeBeforeImp · wall_segment Palisade Wall x1 |
| 47:14 | NoTradeBeforeImp · wall_segment Palisade Wall x1 |
| 47:15 | NoTradeBeforeImp · wall_segment Palisade Wall x1 |
| 48:51 | Don_Hertzfeld · first_building Castle |
| 49:10 | EL SEÑOR PONY · age_up imperial |
| 50:23 | Don_Hertzfeld · first_building Siege Workshop |
| 50:31 | Thousand Sons · resign |
[ AI ANALYSIS · 1 CREDIT ]
What really happened in this match?
Wolo.gg analyzes every decision: build order, eco, micro, common mistakes by bracket. Personalized analysis on WhatsApp or Discord in 30 seconds.
Civ guide
Bulgarians
Map guide
Black Forest
Perfil
Jugador #12088630